 Dungeon Crawl Stone Soup version 0.29.1-2-gbd0b4ee654 (webtiles) character file.

Game seed: 13381821006614934653

65 croobank the Conjurer (level 3, 0/25 HPs)
             Began as a Demonspawn Conjurer on Nov 1, 2022.
             Slain by an orc
             ... wielding a +0 hand axe
              (5 damage)
             ... on level 3 of the Dungeon.
             The game lasted 00:04:14 (2389 turns).

croobank the Conjurer (Demonspawn Conjurer)         Turns: 2389, Time: 00:04:14

Health: 0/25       AC:  4    Str:  7    XL:     3   Next: 94%
Magic:  2/6        EV: 12    Int: 23    God:
Gold:   71         SH:  0    Dex: 11    Spells: 4/7 levels left

rFire   . . .      SeeInvis .   i - staff of conjuration
rCold   . . .      Faith    .   (no shield)
rNeg    . . .      Spirit   .   a - +0 robe
rPois   .          Reflect  .   (no helmet)
rElec   .          Harm     .   (no cloak)
rCorr   .          Rampage  .   k - +1 pair of gloves
Will    .....                   (no boots)
Stlth   ++........              (no amulet)
HPRegen 0.08/turn               (no ring)
MPRegen 0.10/turn               (no ring)

@: no status effects
A: big brain 1
a: no special abilities


You were on level 3 of the Dungeon.
You visited 1 branch of the dungeon, and saw 3 of its levels.

You collected 71 gold pieces.

Inventory:

Hand Weapons
 g - a +0 short sword
 h - a +1 vorpal hand axe
Armour
 a - a +0 robe (worn)
 j - the +0 robe "Pyidgh" {rElec rN+ Str-2}
   (You found it on level 3 of the Dungeon)

   Str:       It affects your strength (-2).
   rElec:     It insulates you from electricity.
   rN:        It protects you from negative energy.
 k - a +1 pair of gloves (worn)
Magical Staves
 i - a staff of conjuration (weapon)
Wands
 l - a wand of roots (10)
Scrolls
 c - a scroll of teleportation {unknown}
 d - a scroll of noise {unknown}
 m - a scroll of identify {unknown}
Potions
 b - a potion of magic
 e - 3 potions of curing {unknown}
 f - a potion of lignification {unknown}


   Skills:
 + Level 0.7 Fighting
 + Level 2.4 Dodging
 + Level 2.4 Stealth
 + Level 2.5 Spellcasting
 + Level 4.4 Conjurations


You had 4 spell levels left.
You knew the following spells:

 Your Spells              Type           Power      Damage    Failure   Level
a - Magic Dart            Conj           100%       1d8       1%          1
b - Searing Ray           Conj           68%        2d6       3%          2

Your spell library contained the following spells:

 Spells                   Type           Power      Damage    Failure   Level
 Dazzling Flash           Conj/Hex       38%        N/A       14%         3
 Fulminant Prism          Conj/Hex       9%         3d7       43%         4
 Iskenderun's Mystic Bla  Conj/Tloc      19%        2d6       43%         4


Dungeon Overview and Level Annotations

Branches:
Dungeon (2/15)

Altars:


Innate Abilities, Weirdness & Mutations

You have an unusually large brain. (Int +2)


Message History

You feel a surge of power!
The magic dart hits the orc but does no damage.
The orc is almost dead.
Casting: Magic Dart (safe; 1% risk of failure)
Confirm with . or Enter, or press ? or * to list all spells.
You don't have enough magic to cast this spell.
The orc wizard mumbles some strange words.
The orc wizard flickers and vanishes!
Deactivating autopickup; reactivate with Ctrl-A.
Okay, then.
The orc attacks as you move away! The orc hits you with a +0 hand axe.
The orc attacks as you move away! The orc hits you but does no damage.
Casting: Magic Dart (safe; 1% risk of failure)
Confirm with . or Enter, or press ? or * to list all spells.
Aiming: Magic Dart (safe; 1% risk of failure)
Press: ? - help, Shift-Dir - straight line, f/p - orc
Aim: an orc, wielding a +0 hand axe and wearing a +0 ring mail (severely wounded, 100% to hit)
You feel a surge of power!
The magic dart hits the orc.
The orc is almost dead.
The orc barely misses you. The orc attacks as you move away!
The orc hits you with a +0 hand axe. The orc attacks as you move away!
The orc barely misses you.
Casting: Magic Dart (safe; 1% risk of failure)
Confirm with . or Enter, or press ? or * to list all spells.
You don't have enough magic to cast this spell.
Unknown command.
The orc attacks as you move away! The orc barely misses you.
The orc attacks as you move away! The orc hits you but does no damage.
The orc attacks as you move away! The orc closely misses you.
The orc attacks as you move away! The orc barely misses you.
The orc attacks as you move away! The orc hits you with a +0 hand axe.
You see here 3 stones.
The orc attacks as you move away! The orc barely misses you.
The orc attacks as you move away! The orc completely misses you.
You hear a shout!
A puff of flame appears from out of thin air!
The puff of flame hits you!
* * * LOW HITPOINT WARNING * * *
The orc attacks as you move away! The orc hits you with a +0 hand axe.
You die...

.........###.#..........#
..........##.#......{...##
.............#...........##
.............##..##.####o.#
....................o.....#
#.......#.......#.....(.#.#
.....#......#......#......#
...#.....#.....#.o...#....#
..#....#....#...@#....#...#
#...#...#...#...#...#...###
..#..#..#..#..#..#...#
.#.#.#.#.#.#.#.#.## ##
##.##.##.##.# #.###.###.##
####[####.# ### #[## ###


You could see 2 orcs.

Vanquished Creatures
  An adder (D:3)
  2 worms (D:3)
  2 dart slugs
  4 bats
  3 endoplasms
  8 goblins
  2 hobgoblins (D:2)
  3 quokkas
  2 ball pythons (D:1)
  3 frilled lizards (D:1)
  8 kobolds
  5 rats
43 creatures vanquished.

Notes
Turn   | Place    | Note
-------+----------+-------------------------------------------
     0 | D:1      | croobank the Demonspawn Conjurer began the quest for the
                  | Orb.
     0 | D:1      | Reached XP level 1. HP: 13/13 MP: 3/3
   479 | D:1      | Gained mutation: You have an unusually large brain. (Int
                  | +2) [demonic ancestry]
   479 | D:1      | Reached XP level 2. HP: 19/19 MP: 3/5
   482 | D:1      | Learned a level 2 spell: Searing Ray
  1773 | D:2      | Reached XP level 3. HP: 24/24 MP: 2/6
  1956 | D:2      | You fall into a shaft and drop 1 floor!
  1958 | D:3      | Identified the +0 robe "Pyidgh" {rElec rN+ Str-2}
  2199 | D:3      | Found a faded altar of an unknown god.
  2389 | D:3      | Slain by an orc

Illustrated notes

Levels and vault maps discovered:
D:1:      eino_arrival_water_cross, layout_basic
D:2:      layout_basic, basic_altar, hangedman_decor_opposing
D:3:      layout_rooms, hellmonk_ecumenical_altar_heavens_door, corner_web_ring,
          st_stairs_2, minmay_increasing_density

Skill      XL: |  1 |
---------------+----+-----
Stealth        | 2 |  2.4
Dodging        | 2 |  2.4
Fighting       | |  0.7
Spellcasting   | |  2.5
Conjurations   | |  4.4

Action                   || total
-------------------------++-------
Melee: Unarmed           ||    24
       Hand axe          ||    17
       Staff             ||     2
 Cast: Magic Dart        ||    70
       Searing Ray       ||     3
 Stab: Sleeping          ||     3
Armor: Robe              ||    15
Dodge: Dodged            ||    45
